 Dungeon Crawl Stone Soup version 0.27-a0-46-g34d46f0a3f (webtiles) character file.

Game seed: 10076612216371099232

9 Borgoz the Shield-Bearer (level 2, -10/20 HPs)
             Began as a Halfling Fighter on Jan 6, 2021.
             Killed from afar by a dart slug (28 damage)
             ... with an exploding inner flame
             ... on level 1 of the Dungeon.
             The game lasted 00:00:16 (208 turns).

Borgoz the Shield-Bearer (Halfling Fighter)          Turns: 208, Time: 00:00:17

Health: -10/20     AC:  6    Str: 17    XL:     2   Next: 20%
Magic:  2/2        EV:  8    Int:  6    God:
Gold:   12         SH:  9    Dex: 13    Spells: 1/1 levels left

rFire    . . .     SeeInvis .   a - +0 long sword
rCold    . . .     Faith    .   c - +0 kite shield
rNeg     . . .     Spirit   .   b - +0 scale mail
rPois    .         Reflect  .   (no helmet)
rElec    .         Harm     .   (no cloak)
rCorr    .         Rampage  .   (no gloves)
Will     .....                  (no boots)
Stlth    ..........             (no amulet)
HPRegen  0.06/turn              (no ring)
MPRegen  0.08/turn              (no ring)

@: no status effects
A: small, mutation resistance 1
a: no special abilities


You were on level 1 of the Dungeon.
You visited 1 branch of the dungeon, and saw 1 of its levels.

You collected 12 gold pieces.

Inventory:

Hand Weapons
 a - a +0 long sword (weapon)
Armour
 b - a +0 scale mail (worn)
 c - a +0 kite shield (worn)
Scrolls
 e - a scroll of immolation
Potions
 d - a potion of might


   Skills:
 + Level 2.8 Fighting
 + Level 2.1 Long Blades
 * Level 3.5 Armour
 * Level 3.5 Shields


You had one spell level left.
You didn't know any spells.
Your spell library was empty.

Dungeon Overview and Level Annotations

Branches:
Dungeon (1/15)

Altars:
Nemelex Xobeh


Innate Abilities, Weirdness & Mutations

You are small and have problems with some larger weapons.
You are somewhat resistant to further mutation.


Message History

You closely miss the kobold.
The ball python hisses angrily.
The kobold hits you with a +0 whip. The kobold hits you but does no damage.
You barely miss the kobold. You block the kobold's attack.
You slash the kobold!
You kill the kobold!
The ball python barely misses you. You block the ball python's attack.
The ball python barely misses you. You block the ball python's attack.
You see here a +0 whip.
You closely miss the ball python. You block the ball python's attack. x2
You hit the ball python.
You kill the ball python!
The dart slug bites you but does no damage.
You hit the dart slug.
Flame seeps out of the dart slug.
The dart slug is moderately wounded.
The dart slug is engulfed in blazing flames.
The dart slug explodes!
The fiery explosion engulfs you!!
Ouch! That really hurt!
You die...

'.##........ ..⌠.⌠
.##..#.##..# ...._.
##..## .. ###...⌠.⌠
....## .## ###.......#
.....#.# ###.(.#[...##
.......######.......#...#
...........).?.......##
.....#.###.......)....#
.......# #.#..§.@.$...#
......## #.#..§○§.....#
......# ..#...§......#
.....####.##..........#
.....##..............##
........#.###........#
..........##..........
..........w...........#
........####..


There were no monsters in sight!

Vanquished Creatures
  A dart slug (D:1)
  A bat (D:1)
  A giant cockroach (D:1)
  A goblin (D:1)
  A hobgoblin (D:1)
  2 kobolds (D:1)
  A ball python (D:1)
8 creatures vanquished.

Notes
Turn   | Place    | Note
-------+----------+-------------------------------------------
     0 | D:1      | Borgoz the Halfling Fighter began the quest for the Orb.
     0 | D:1      | Reached XP level 1. HP: 15/15 MP: 1/1
   183 | D:1      | Reached XP level 2. HP: 20/20 MP: 2/2
   198 | D:1      | Found a sparkling altar of Nemelex Xobeh.
   208 | D:1      | Killed from afar by a dart slug

Illustrated notes

Levels and vault maps discovered:
D:1:      evilmike_arrival_rings, layout_rooms, corexii_corridor_pit,
          nemelex_xobeh_ov_fountains_minmay

Action                   || total
-------------------------++-------
Melee: Long sword        ||    18
  Use: Scroll            ||     2
Armor: Scale mail        ||     9
Dodge: Dodged            ||     7
Block: Kite shield       ||    14
       Rpst.: Long sword ||     2

Table legend: (Time is in decaauts)
 A = Elapsed time spent in this place.
 B = Non-inter-level travel time spent in this place.
 C = Inter-level travel time spent in this place.
 D = Time resting spent in this place.
 E = Time spent auto-exploring this place.
 F = Levels seen in this place.
 G = Mean time per level.
                   A        B        C        D        E       F      G
               +--------+--------+--------+--------+--------+-----+--------+
         Total |    214 |    214 |      0 |      0 |    169 |   1 |  214.0 |
       Dungeon |    214 |    214 |      0 |      0 |    169 |   1 |  214.0 |
               +--------+--------+--------+--------+--------+-----+--------+

Top non-repeatable levels by time:
     D:1: 214 daAuts
